 Dungeon Crawl Stone Soup version 0.31-a0-986-g5e6e4ef867 (webtiles) character file.

Game seed: 3709192725638898506

191 avis the Cleaver (level 5, -12/45 HPs)
             Began as a Hill Orc Monk on Nov 3, 2023.
             Mangled by Pikel
             ... wielding a +0 whip of electrocution
              (18 damage)
             ... on level 4 of the Dungeon.
             The game lasted 00:10:17 (3236 turns).

avis the Cleaver (Hill Orc Monk)                    Turns: 3236, Time: 00:10:17

Health: -12/45     AC:  5    Str: 16    XL:     5   Next: 70%
Magic:  5/5        EV: 11    Int: 10    God:
Gold:   182        SH:  0    Dex: 13    Spells: 4/4 levels left

rFire   + . .        a - +0 hand axe
rCold   + . .        d - orb {light}
rNeg    . . .        m - +0 ring mail
rPois   .            (no helmet)
rElec   .            (no cloak)
rCorr   .            (no gloves)
SInv    .            (no boots)
Will    .....        (no amulet) Stlth
                     g - ring of protection from cold
HPRegen 0.27/turn    q - ring of protection from fire
MPRegen 0.09/turn

%: no passive effects
@: confused, ambrosia-drunk, glowing
A: no striking features
a: no special abilities


You were on level 4 of the Dungeon.
You visited 1 branch of the dungeon, and saw 4 of its levels.

You collected 182 gold pieces.

Inventory:

Hand Weapons
 a - a +0 hand axe (weapon)
 s - a +0 halberd
 t - a +0 halberd
 A - a +0 spear
Missiles
 i - 8 javelins
 l - 2 throwing nets
 B - 3 atropa-tipped darts
Armour
 b - a +0 robe
 d - an orb of light (worn)
 m - a +0 ring mail (worn)
Magical Staves
 n - a staff of earth
Jewellery
 g - a ring of protection from cold (left hand)
 q - a ring of protection from fire (right hand)
 z - a ring of see invisible
Talismans
 y - a maw talisman
Wands
 o - a wand of flame (38)
Scrolls
 j - a scroll of fear {unknown}
 k - 4 scrolls of identify {unknown}
 p - a scroll of brand weapon {unknown}
 w - 2 scrolls of teleportation {unknown}
Potions
 e - a potion of lignification {unknown}
 f - a potion of invisibility {unknown}
 h - a potion of enlightenment {unknown}
 r - 3 potions of curing {unknown}
 u - a potion of cancellation {unknown}
 v - a potion of mutation {unknown}
 x - a potion of attraction {unknown}


   Skills:
 - Level 3.6 Fighting
 * Level 8.2 Axes
 - Level 2.4 Dodging


You had 4 spell levels left.
You didn't know any spells.
Your spell library contained the following spells:

 Spells                   Type           Power      Damage    Failure   Level
 Call Canine Familiar     Summ           0%         N/A       91%         3
 Sigil of Binding         Hex            0%         N/A       91%         3
 Dimensional Bullseye     Hex/Tloc       0%         N/A       100%        4
 Leda's Liquefaction      Hex/Erth       0%         N/A       100%        4


Dungeon Overview and Level Annotations

Branches:
Dungeon (4/15)
 Temple: D:4-7

Altars:
Makhleb

Annotations:
D:4 Pikel


Message History

You hit the lemure.
The lemure is moderately wounded.
The lemure attacks as it pursues you! The lemure hits you.
You hit Pikel but do no damage.
Pikel hits you with a +0 whip of electrocution!
You hit Pikel but do no damage.
Pikel hits you with a +0 whip of electrocution!
You barely miss Pikel.
Pikel says, "Word to the wise: Murray's a real chatterbox."
Pikel closely misses you.
You hit Pikel but do no damage. Pikel closely misses you.
You barely miss Pikel. Pikel hits you but does no damage.
You completely miss Pikel. You hit Pikel.
Pikel is lightly wounded.
Pikel barely misses you.
You hit Pikel but do no damage.
Pikel is lightly wounded.
Pikel hits you with a +0 whip of electrocution.
You hit Pikel but do no damage.
Pikel is lightly wounded.
Pikel hits you with a +0 whip of electrocution!
* * * LOW HITPOINT WARNING * * *
You barely miss Pikel.
Pikel is lightly wounded.
Pikel hits you but does no damage.
You hit Pikel.
Pikel is lightly wounded.
Pikel hits you with a +0 whip of electrocution.
* * * LOW HITPOINT WARNING * * *
You are confused.
You feel invigorated.
Pikel hits you with a +0 whip of electrocution.
* * * LOW HITPOINT WARNING * * *
You bump into the rock wall.
Pikel hits you with a +0 whip of electrocution.
* * * LOW HITPOINT WARNING * * *
You are electrocuted!!
You die...
Pikel says, "See you in Hell!"

#####.# #5....#
#K#.......
.######@#.#.##..
........#.# 5.
.#####.<#.# ...
#..#.. .. #....#
. ##.### #.# #.#
#.#


You could see Pikel and a lemure.

Vanquished Creatures
  A lemure (D:3)
  Robin (D:2)
  4 gnolls
  6 adders
  A worm (D:2)
  3 dart slugs
  3 orcs (D:3)
  4 bats
  8 endoplasms
  15 goblins
  6 hobgoblins (D:2)
  2 quokkas (D:2)
  6 ball pythons
  7 frilled lizards
  6 kobolds
  5 rats
78 creatures vanquished.

Notes
Turn   | Place    | Note
-------+----------+-------------------------------------------
     0 | D:1      | avis the Hill Orc Monk began the quest for the Orb.
     0 | D:1      | Reached XP level 1. HP: 19/19 MP: 1/1
   104 | D:1      | Reached XP level 2. HP: 26/26 MP: 2/2
   151 | D:1      | Reached skill level 5 in Axes
   316 | D:1      | Reached XP level 3. HP: 31/31 MP: 3/3
   767 | D:2      | Reached skill level 6 in Axes
   935 | D:2      | Found a burning altar of Makhleb.
   950 | D:2      | Reached XP level 4. HP: 21/39 MP: 4/4
  1060 | D:2      | Noticed Robin
  1077 | D:2      | Killed Robin
  1207 | D:2      | Reached skill level 7 in Axes
  1219 | D:2      | Reached XP level 5. HP: 3/45 MP: 5/5
  1988 | D:2      | Noticed an ogre
  2634 | D:3      | Reached skill level 8 in Axes
  2787 | D:3      | Found a faded altar of an unknown god.
  3151 | D:4      | Noticed a lemure
  3164 | D:3      | Killed a lemure
  3215 | D:4      | Noticed Pikel
  3215 | D:4      | Noticed a lemure
  3215 | D:4      | Noticed a lemure
  3215 | D:4      | Noticed a lemure
  3236 | D:4      | Mangled by Pikel

Illustrated notes

Levels and vault maps discovered:
D:1:      lightli_arrival_noodles, layout_basic,
          amcnicky_mini_rare_corridor_liquid
D:2:      layout_basic, basic_altar, st_stairs_2, lightli_corner_chamber,
          uniq_robin
D:3:      layout_basic, shapermc_ecumenical_altar_petra
D:4:      layout_basic, serial_shops, shop, uniq_pikel, uniq_ijyb

Skill      XL: |  1  2  3  4  5 |
---------------+----------------+-----
Axes           | 5 6 7 8 |  8.2
Fighting       | |  3.6
Dodging        | |  2.4

Action                     |  1- 3 |  4- 6 || total
---------------------------+-------+-------++-------
  Melee: Hand axe          |    73 |   132 ||   205
    Use: Potion            |       |     1 ||     1
 Armour: Robe              |    17 |       ||    17
         Ring mail         |    19 |    82 ||   101
  Dodge: Dodged            |    31 |    59 ||    90

Table legend: (Time is in decaauts)
 A = Elapsed time spent in this place.
 B = Non-inter-level travel time spent in this place.
 C = Inter-level travel time spent in this place.
 D = Time resting spent in this place.
 E = Time spent auto-exploring this place.
 F = Levels seen in this place.
 G = Mean time per level.
                   A        B        C        D        E       F      G
               +--------+--------+--------+--------+--------+-----+--------+
         Total |   3229 |   2651 |    578 |    270 |   1628 |   4 |  807.2 |
       Dungeon |   3229 |   2651 |    578 |    270 |   1628 |   4 |  807.2 |
               +--------+--------+--------+--------+--------+-----+--------+

Top non-repeatable levels by time:
     D:2: 1427 daAuts
     D:1: 883 daAuts
     D:3: 867 daAuts
     D:4: 51 daAuts
